 Dungeon Crawl Stone Soup version 0.32-a0-913-g739538afd8 (webtiles) character file.

Game seed: 713970360879399668

105 Biggs the Changeling (level 4, -3/28 HPs)
             Began as an Octopode Shapeshifter on Apr 9, 2024.
             Killed from afar by Ijyb (12 damage)
             ... with a bolt of acid
             ... on level 3 of the Dungeon.
             The game lasted 00:04:02 (1621 turns).

Biggs the Changeling (Octopode Shapeshifter)        Turns: 1621, Time: 00:04:02

Health: -3/28      AC:  1    Str: 15    XL:     4   Next: 81%
Magic:  4/4        EV: 12    Int: 12    God:
Gold:   117        SH:  0    Dex: 11    Spells: 3/3 levels left

rFire   . .          .
                       - Unarmed
rCold   . . .        (no shield)
rNeg    . . .        (helmet currently unavailable)
rPois   .            (no amulet)
rElec   .            (no ring)
rCorr   .            (no ring)
SInv    .            (no ring)
Will    .....        (no ring)
Stlth   ++           (no ring)
HPRegen 0.24/turn    (no ring)
MPRegen 0.09/turn    (no ring)
                     (no ring)

%: no passive effects
@: beast-form
A: beast (slay +2), almost no armour, amphibious, 8 rings, camouflage 1,
gelatinous body 1, (nimble swimmer 1), tentacles
a: Begin Untransformation


You were on level 3 of the Dungeon.
You were a hulking beast.
You visited 1 branch of the dungeon, and saw 3 of its levels.

You collected 117 gold pieces.

Inventory:

Talismans
 b - a beast talisman (active)
 c - a flux talisman
Scrolls
 d - a scroll of immolation {unknown}
 e - 2 scrolls of identify {unknown}
 f - 2 scrolls of teleportation {unknown}
 h - a scroll of acquirement {unknown}
 i - a scroll of noise {unknown}
 k - a scroll of enchant armour {unknown}
Potions
 a - a potion of lignification
 g - a potion of degeneration {unknown}
 j - a potion of curing {unknown}


   Skills:
 - Level 1.0 Fighting
 - Level 2.0 Dodging
 - Level 3.0 Unarmed Combat
 + Level 5.1 Shapeshifting


You had 3 spell levels left.
You didn't know any spells.
Your spell library contained the following spells:

 Spells                   Type           Power      Damage    Failure   Level
 Volatile Blastmotes      Fire/Tloc      0%         2d10      69%         3
 Fulminant Prism          Conj/Alch      0%         3d5       97%         4
 Iskenderun's Mystic Bla Conj/Tloc 0%             2d3        (+2d1     97%         4


Dungeon Overview and Level Annotations

Branches:
Dungeon (3/15)

Altars:
Cheibriados

Shops:
D:2 *

Annotations:
D:3 Ijyb


Innate Abilities, Weirdness & Mutations

You are a hulking beast.
Your limbs bulge with bestial killing power. (Slay +2)
You cannot wear most types of armour.
You are amphibious.
You can wear up to eight rings at the same time.
Your skin changes colour to match your surroundings (Stealth+).
Your rubbery body absorbs attacks. (AC +1, EV +1)
((You are camouflaged when in or above water. (Stealth+)))
You have tentacles for arms and can constrict up to eight enemies at once.


Message History

You kill the orc!
Found a flail.
Things that are here:
a +0 mace; a +0 ring mail The hobgoblin closely misses you.
You tentacle-slap the hobgoblin.
You kill the hobgoblin!
You see here a hobgoblin corpse.
HP restored.
Found a leather armour.
Key pressed, stopping explore.
You see here a +0 leather armour.
Key pressed, stopping explore.
Key pressed, stopping explore.
Key pressed, stopping explore.
Ijyb the Inquisitive comes into view.
She is wielding a +0 dagger and carrying a wand of acid.
Ijyb is nearby!
The helpless Ijyb fails to defend herself.
You tentacle-slap Ijyb. You grab Ijyb.
Ijyb is lightly wounded.
You constrict Ijyb.
Ijyb screams, "It's all mine!"
Ijyb zaps a wand.
The bolt of acid hits you!
Ouch! That really hurt!
You tentacle-slap Ijyb.
Ijyb is moderately wounded.
You constrict Ijyb. Ijyb closely misses you.
You tentacle-slap Ijyb.
Ijyb is heavily wounded.
You constrict Ijyb.
Ijyb zaps a wand.
The bolt of acid misses you.
You tentacle-slap Ijyb.
Ijyb is severely wounded.
You constrict Ijyb. Ijyb hits you with a +0 dagger.
* * * LOW HITPOINT WARNING * * *
Unknown command.
You tentacle-slap Ijyb but do no damage.
Ijyb is severely wounded.
You constrict Ijyb.
Ijyb zaps a wand.
The bolt of acid hits you!
You die...
Ijyb moans, "Good help so hard to find!"

..#.####[..........#
..#.####.####.##.#.#
..#......# #.##.#.#
#.######## #.#..#.#
..# #.#.##.# #.#
#.#.##.# #.#
#......# ###.#######
#.h.....# #.g####.#
#... ##.#. #.#.# #..
. ### ##


You could see Ijyb.

Vanquished Creatures
  Jessica (D:2)
  2 adders (D:2)
  A ribbon worm (D:2)
  An orc (D:3)
  8 bats
  2 endoplasms
  3 giant cockroaches (D:1)
  6 goblins
  2 hobgoblins
  2 jackals (D:2)
  2 quokkas (D:1)
  8 ball pythons
  5 frilled lizards
  9 kobolds
  3 rats
55 creatures vanquished.

Notes
Turn   | Place    | Note
-------+----------+-------------------------------------------
     0 | D:1      | Biggs the Octopode Shapeshifter began the quest for the
                  | Orb.
     0 | D:1      | Reached XP level 1. HP: 13/13 MP: 1/1
   167 | D:1      | Reached XP level 2. HP: 13/18 MP: 2/2
   374 | D:1      | Reached XP level 3. HP: 11/23 MP: 3/3
   480 | D:1      | Reached skill level 4 in Shapeshifting
   773 | D:1      | Found a faded altar of an unknown god.
   936 | D:2      | Found a snail-covered altar of Cheibriados.
  1103 | D:2      | Reached XP level 4. HP: 27/28 MP: 4/4
  1108 | D:2      | Found Ussyaj's Assorted Antiques.
  1300 | D:2      | Noticed Jessica
  1307 | D:2      | Killed Jessica
  1308 | D:2      | Reached skill level 5 in Shapeshifting
  1614 | D:3      | Noticed Ijyb
  1621 | D:3      | Killed from afar by Ijyb

Illustrated notes

Levels and vault maps discovered:
D:1:      dpeg_arrival_simpleton_c, layout_basic,
          shapermc_ecumenical_altar_petra
D:2:      layout_rooms, basic_altar, serial_shops, nicolae_shop_gibbet_a_chance,
          minmay_quadrilaterals, uniq_jessica
D:3:      layout_loops_cross, uniq_natasha, uniq_ijyb

Skill      XL: |  1  2  3  4 |
---------------+-------------+-----
Shapeshifting  | 4 5 |  5.1
Fighting       | |  1.0
Dodging        | |  2.0
Unarmed Combat | |  3.0

Action                     |  1- 3 |  4- 6 || total
---------------------------+-------+-------++-------
  Melee: Unarmed           |    78 |    22 ||   100
         Constrict         |    20 |     6 ||    26
         Tentacles         |    15 |     6 ||    21
         Punch             |     3 |       ||     3
   Stab: Sleeping          |     6 |     2 ||     8
         Distracted        |       |     1 ||     1
 Armour: Skin              |    37 |    12 ||    49
  Dodge: Dodged            |    54 |     7 ||    61

Table legend: (Time is in decaauts)
 A = Elapsed time spent in this place.
 B = Non-inter-level travel time spent in this place.
 C = Inter-level travel time spent in this place.
 D = Time resting spent in this place.
 E = Time spent auto-exploring this place.
 F = Levels seen in this place.
 G = Mean time per level.
                   A        B        C        D        E       F      G
               +--------+--------+--------+--------+--------+-----+--------+
         Total |   1615 |   1572 |     43 |      0 |   1206 |   3 |  538.3 |
       Dungeon |   1615 |   1572 |     43 |      0 |   1206 |   3 |  538.3 |
               +--------+--------+--------+--------+--------+-----+--------+

Top non-repeatable levels by time:
     D:1: 797 daAuts
     D:2: 686 daAuts
     D:3: 131 daAuts
